 Dungeon Crawl Stone Soup version 0.29.1-1-gd02db6906a (webtiles) character file.

Game seed: 4463532494779442966

90 ImASeal the Shooter (level 4, 0/26 HPs)
             Began as a Kobold Arcane Marksman on Oct 18, 2022.
             Slain by an adder (4 damage)
             ... on level 3 of the Dungeon.
             The game lasted 00:06:11 (2822 turns).

ImASeal the Shooter (Kobold Arcane Marksman)        Turns: 2822, Time: 00:06:13

Health: 0/26       AC:  2    Str:  7    XL:     4   Next: 85%
Magic:  4/6        EV: 15    Int: 14    God:
Gold:   156        SH:  0    Dex: 17    Spells: 1/5 levels left

rFire   . . .      SeeInvis .   a - +1 sling
rCold   . . .      Faith    .   (no shield)
rNeg    . . .      Spirit   .   c - +0 robe
rPois   .          Reflect  .   (no helmet)
rElec   .          Harm     .   (no cloak)
rCorr   .          Rampage  .   (no gloves)
Will    .....                   (no boots)
Stlth   +++.......              (no amulet)
HPRegen 0.08/turn               (no ring)
MPRegen 0.10/turn               (no ring)

@: lethally poisoned (0 -> -3)
A: small, no large weapons, nightstalker 3
a: no special abilities


You were on level 3 of the Dungeon.
You visited 1 branch of the dungeon, and saw 3 of its levels.

You collected 156 gold pieces.

Inventory:

Hand Weapons
 a - a +1 sling (weapon)
Missiles
 e - 6 javelins
Armour
 c - a +0 robe (worn)
Scrolls
 b - a scroll of poison
 d - 4 scrolls of blinking {unknown}
 f - 5 scrolls of identify {unknown}
 g - a scroll of silence {unknown}
 l - a scroll of immolation {unknown}
 m - a scroll of summoning {unknown}
 n - 2 scrolls of magic mapping {unknown}
Potions
 h - a potion of flight {unknown}
 i - 2 potions of heal wounds {unknown}
 j - a potion of might {unknown}
 k - a potion of haste {unknown}
 o - 2 potions of curing {unknown}


   Skills:
 + Level 1.6 Fighting
 + Level 4.9 Ranged Weapons
 - Level 2.7 Dodging
 + Level 1.4 Spellcasting
 + Level 3.5 Hexes


You had one spell level left.
You knew the following spells:

 Your Spells              Type           Power      Damage    Failure   Level
a - Slow                  Hex            44%        N/A       6%          1
b - Inner Flame           Hex/Fire       6%         N/A       36%         3

Your spell library contained the following spells:

 Spells                   Type           Power      Damage    Failure   Level
 Portal Projectile        Hex/Tloc       12%        N/A       36%         3
 Cause Fear               Hex            5%         N/A       50%         4
 Gell's Gravitas          Tloc           1%         N/A       58%         3
 Teleport Other           Tloc           1%         N/A       58%         3
 Dispersal                Tloc           0%         N/A       100%        6


Dungeon Overview and Level Annotations

Branches:
Dungeon (3/15)

Altars:
Vehumet

Shops:
D:3 (


Innate Abilities, Weirdness & Mutations

You are small and have problems with some larger weapons.
You are completely attuned to the shadows.


Message History

The adder is severely wounded.
The adder misses you. x2
You clumsily bash the adder but do no damage.
The adder is severely wounded.
The adder bites you but does no damage. The adder closely misses you.
You miss the adder.
The adder is heavily wounded.
The adder barely misses you. The adder misses you.
You miss the adder.
The adder is heavily wounded.
The adder barely misses you. The adder closely misses you.
You barely miss the adder.
The adder is heavily wounded.
The adder closely misses you. x2
You miss the adder.
The adder is heavily wounded.
The adder completely misses you. The adder misses you.
You clumsily bash the adder but do no damage.
The adder is heavily wounded.
The adder completely misses you. The adder bites you.
* * * LOW HITPOINT WARNING * * *
You are poisoned.
The adder poisons you!
Casting: Slow (safe; 6% risk of failure)
Confirm with . or Enter, or press ? or * to list all spells.
Aiming: Slow (safe; 6% risk of failure)
Press: ? - help, Shift-Dir - straight line, f/p - adder
Aim: an adder (heavily wounded, chance to affect: 58%)
The adder resists with significant effort.
* * * LOW HITPOINT WARNING * * *
You feel sick. The adder barely misses you.
Casting: Slow (safe; 6% risk of failure)
Confirm with . or Enter, or press ? or * to list all spells.
Aiming: Slow (safe; 6% risk of failure)
Press: ? - help, Shift-Dir - straight line, f/p - adder
Aim: an adder (heavily wounded, chance to affect: 58%)
The adder resists with significant effort.
* * * LOW HITPOINT WARNING * * *
You feel sick. The adder bites you but does no damage. The adder bites you.
You die...

........##...#................
.$......###^...#.##.##....##.#
........<....###.##.##.##.# #
....##.####.## #.##.##.#...#
#..# #.# #.# #.##.##.#.....
### .####.####.##.##.#...#.#
.............# #####.#
####.####†#### #.# #@# ### #S#
#.# ..# #.#


You could see an adder.

Vanquished Creatures
  3 adders
  A worm (D:2)
  A ball python (D:2)
  7 endoplasms
  3 giant cockroaches
  4 hobgoblins
  3 jackals (D:2)
  4 kobolds (D:1)
  4 quokkas
  8 bats
  4 frilled lizards
  6 goblins
  8 rats
  A spectral goblin (D:2)
57 creatures vanquished.

Notes
Turn   | Place    | Note
-------+----------+-------------------------------------------
     0 | D:1      | ImASeal the Kobold Arcane Marksman began the quest for the
                  | Orb.
     0 | D:1      | Reached XP level 1. HP: 12/12 MP: 2/2
   128 | D:1      | Reached skill level 3 in Ranged Weapons
   183 | D:1      | Reached XP level 2. HP: 16/16 MP: 3/3
   792 | D:1      | Reached XP level 3. HP: 18/20 MP: 4/4
  1377 | D:2      | Reached skill level 4 in Ranged Weapons
  1812 | D:2      | Reached XP level 4. HP: 25/25 MP: 5/5
  1880 | D:2      | Found a radiant altar of Vehumet.
  2046 | D:2      | Found a faded altar of an unknown god.
  2622 | D:2      | Learned a level 3 spell: Inner Flame
  2741 | D:3      | Found Umezxiti's Antique Weapon Shop.
  2822 | D:3      | Slain by an adder

Illustrated notes

Levels and vault maps discovered:
D:1:      heliophobic_arrival_dark_side_of_the_moon, layout_basic,
          minmay_surrounded
D:2:      layout_loops_ring, basic_altar, serial_glass, glass_columns_b,
          glass_columns_b, glass_columns_a, glass_columns_a, glass_columns_b,
          glass_columns_a, due_unseen_surprise,
          dreamdust_ecumenical_altar_drowned_temple
D:3:      minmay_skewed_foursquare, layout_loops_ring, slow_altar_2,
          gammafunk_ghost_gnarly_gnolls, serial_shops, shop_fountains

Skill      XL: |  1  2  3 |
---------------+----------+-----
Ranged Weapons | 3 4 |  4.9
Fighting       | |  1.6
Dodging        | |  2.7
Spellcasting   | |  1.4
Hexes          | |  3.5

Action                   |  1- 3 |  4- 6 || total
-------------------------+-------+-------++-------
Melee: Sling             |     5 |    12 ||    17
 Fire: Sling             |   110 |    67 ||   177
 Cast: Slow              |    15 |     4 ||    19
       Inner Flame       |       |     1 ||     1
Armor: Robe              |    20 |     6 ||    26
Dodge: Dodged            |    66 |    67 ||   133
